 Dungeon Crawl Stone Soup version 0.31-a0-1093-gadecf4124d (webtiles) character file.

Game seed: 13644693239016152474

5192 Ivernyr the Cruncher (level 10, -4/80 HPs)
             Began as a Formicid Fighter on Nov 29, 2023.
             Was an Elder of Wu Jian.
             Slain by Prince Ribbit (6 damage)
             ... on level 9 of the Dungeon.
             The game lasted 00:18:12 (9108 turns).

Ivernyr the Cruncher (Formicid Fighter)             Turns: 9108, Time: 00:18:13

Health: -4/80      AC: 15    Str: 25    XL:     10   Next: 91%
Magic:  10/10      EV:  9    Int:  8    God:    Wu Jian [****..]
Gold:   475        SH:  6    Dex: 13    Spells: 9/9 levels left

rFire   . . .        a - +0 quarterstaff
rCold   . . .        c - +0 buckler
rNeg    . . .        b - +0 scale mail
rPois   .            (helmet unavailable)
rElec   .            (no cloak)
rCorr   .            (no gloves)
SInv    +            r - +2 pair of boots
Will    +....        (no amulet) Stlth
                     C - +4 ring of protection
HPRegen 0.33/turn    (no ring)
MPRegen 0.12/turn

%: no passive effects
@: no status effects
A: permanent stasis, dig shafts and tunnels, antennae 3, four strong arms
a: Dig, Shaft Self, Renounce Religion, Wall Jump, Serpent's Lash


You were on level 9 of the Dungeon.
You worshipped Wu Jian.
Wu Jian was greatly pleased with you.
You visited 1 branch of the dungeon, and saw 9 of its levels.

You collected 475 gold pieces.

Inventory:

Hand Weapons
 a - a +0 quarterstaff (weapon)
Armour
 b - a +0 scale mail (worn)
 c - a +0 buckler (worn)
 r - a +2 pair of boots (worn)
Jewellery
 C - a +4 ring of protection (left hand)
 F - an amulet of reflection
Wands
 s - a wand of roots (18)
 w - a wand of paralysis (10)
 y - a wand of polymorph (6)
 D - a wand of mindburst (6)
Scrolls
 e - 10 scrolls of identify {unknown}
 f - 4 scrolls of immolation {unknown}
 g - 6 scrolls of teleportation {unknown}
 i - 2 scrolls of revelation {unknown}
 j - 4 scrolls of fog {unknown}
 l - a scroll of noise {unknown}
 o - 2 scrolls of amnesia {unknown}
 p - a scroll of enchant armour {unknown}
 t - a scroll of silence {unknown}
 A - 3 scrolls of enchant weapon {unknown}
Potions
 d - 2 potions of might
 h - a potion of brilliance {unknown}
 k - a potion of ambrosia {unknown}
 m - 8 potions of curing {unknown}
 n - a potion of invisibility {unknown}
 q - a potion of degeneration {unknown}
 u - 3 potions of enlightenment {unknown}
 v - 4 potions of lignification {unknown}
 x - a potion of berserk rage {unknown}
 z - 2 potions of mutation {unknown}
 B - a potion of attraction {unknown}
 E - a potion of magic {unknown}
 G - a potion of heal wounds {unknown}


   Skills:
 + Level 8.3 Fighting
 * Level 10.0 Staves
 + Level 8.3 Armour
 + Level 9.9 Shields


You had 9 spell levels left.
You didn't know any spells.
Your spell library contained the following spells:

 Spells                   Type           Power      Damage    Failure   Level
 Lesser Beckoning         Tloc           0%         N/A       85%         2
 Momentum Strike          Conj/Tloc      0%         3d8       85%         2
 Static Discharge         Conj/Air       0%         3-3/arc   85%         2
 Gell's Gravitas          Tloc           0%         N/A       97%         3
 Teleport Other           Tloc           0%         N/A       97%         3
 Airstrike                Air            0%         2d(0-16)  100%        4
 Summon Lightning Spire   Summ/Air       0%         N/A       100%        4
 Dispersal                Tloc           0%         N/A       100%        6
 Blink                    Tloc           Unusable   N/A       N/A         2

Dungeon Overview and Level Annotations

Branches:
Dungeon (9/15)             Temple (0/1) D:6
   Lair: D:8-11         Orc: D:9-12

Altars:
Ashenzari
Dithmenos
Gozag
Qazlal
Ru
Sif Muna
Wu Jian
Yredelemnul
The Shining One

Shops:
D:8 !   D:9 *

Annotations:
D:4 2 runed translucent doors, pzskc383's ghost, amateur GrFi
D:9 Prince Ribbit


Innate Abilities, Weirdness & Mutations

You cannot be hasted, slowed, berserked, paralysed or teleported.
You can dig through walls and to a lower floor.
You have a pair of large antennae on your head. (SInv)
Your four strong arms can wield two-handed weapons with a shield.


Message History

The rime drake bites you but does no damage.
You closely miss the rime drake.
The rime drake is heavily wounded.
Prince Ribbit hits you. You block the rime drake's attack.
You miss the rime drake.
The rime drake is heavily wounded.
You block Prince Ribbit's attack.
The rime drake bites you but does no damage.
Prince Ribbit closely misses you.
You hit the rime drake but do no damage.
The rime drake is heavily wounded.
The rime drake breathes ice at you. The icy flash freeze misses you.
The icy flash freeze hits Prince Ribbit!!
Prince Ribbit is flash-frozen.
Prince Ribbit hits you.
You thump the rime drake!
The rime drake is severely wounded.
The rime drake barely misses you. Prince Ribbit hits you!
You completely miss the rime drake.
The rime drake is severely wounded.
Prince Ribbit is no longer encased in ice.
Prince Ribbit hits you! The rime drake closely misses you.
You barely miss the rime drake.
The rime drake is severely wounded.
Prince Ribbit hits you.
* * * LOW HITPOINT WARNING * * *
You block the rime drake's attack.
You closely miss the rime drake.
The rime drake is severely wounded.
Prince Ribbit hits you.
* * * LOW HITPOINT WARNING * * *
The rime drake bites you.
* * * LOW HITPOINT WARNING * * *
Prince Ribbit hits you!
* * * LOW HITPOINT WARNING * * *
You sock the rime drake!
You kill the rime drake!
The Council accepts your kill. Prince Ribbit hits you.
You die...

#. ....### .# #.##...#.#...
#.#.#.#..........
#.....§.#......#.
.......##>........ .....##
#.#....... #########.##......
#...#.# ##..#. #.#.#@# ##
####.#.#F## ###
######....#....# ####≈###
#......#######.# #..#≈#.#
#.####....#....## #>##≈#.# #.#
####.#.....# #.#.~..## #.#
#.#....## #...~...#
#.#######...#.#####...~...#
#.#.....##...).......#≈#..####


You could see Prince Ribbit.

Vanquished Creatures
  A rime drake (D:9)
  An unseen horror (D:8)
  Grinder (D:5)
  6 yaks (D:9)
  Grum (D:8)
  Menkaure (D:5)
  4 water moccasins
  2 ice beasts
  2 black bears
  2 orc warriors
  An ogre (D:4)
  3 wolves (D:8)
  Blork the orc (D:5)
  3 kobold brigands
  A bullfrog (D:6)
  3 scorpions
  10 killer bees
  A howler monkey (D:7)
  5 crimson imps (D:8)
  A jelly (D:5)
  6 hounds
  8 orc priests
  A gnoll bouda (D:5)
  A sleepcap (D:4)
  4 iguanas
  10 orc wizards
  9 gnolls
  8 adders
  6 white imps
  2 ufetubi (D:4)
  A worm (D:3)
  3 dart slugs
  38 orcs
  9 ball pythons
  3 bats
  6 endoplasms
  3 giant cockroaches
  4 goblins
  8 hobgoblins
  23 kobolds
  3 quokkas
  6 frilled lizards
  3 rats
215 creatures vanquished.

Notes
Turn   | Place    | Note
-------+----------+-------------------------------------------
     0 | D:1      | Ivernyr the Formicid Fighter began the quest for the Orb.
     0 | D:1      | Reached XP level 1. HP: 18/18 MP: 1/1
    61 | D:1      | Reached XP level 2. HP: 24/24 MP: 2/2
   151 | D:1      | Reached XP level 3. HP: 27/29 MP: 3/3
   777 | D:2      | Reached skill level 3 in Staves
   777 | D:2      | Reached XP level 4. HP: 33/37 MP: 4/4
   881 | D:2      | Found a faded altar of an unknown god.
  1200 | D:3      | Reached XP level 5. HP: 42/42 MP: 5/5
  1796 | D:4      | Noticed an ice beast
  1816 | D:4      | Killed an ice beast
  1817 | D:4      | Reached skill level 4 in Staves
  1817 | D:4      | Reached skill level 5 in Shields
  1817 | D:4      | Reached XP level 6. HP: 11/49 MP: 6/6
  2053 | D:4      | Found an ornate altar of the Wu Jian Council.
  2179 | D:4      | Became a worshipper of the Wu Jian Council
  2202 | D:4      | Found a runed translucent door.
  2208 | D:4      | Noticed pzskc383's ghost (amateur GrFi)
  2525 | D:4      | Noticed an ogre
  2537 | D:4      | Killed an ogre
  2538 | D:4      | Reached XP level 7. HP: 4/55 MP: 7/7
  3055 | D:4      | Found a runed translucent door.
  3147 | D:3      | HP: 1/55 [black bear (4)]
  3150 | D:3      | Reached skill level 5 in Staves
  3540 | D:4      | Reached skill level 5 in Fighting
  3540 | D:4      | Reached skill level 5 in Armour
  3751 | D:5      | Entered Level 5 of the Dungeon
  3924 | D:4      | Reached * piety under Wu Jian
  3927 | D:4      | Reached XP level 8. HP: 26/62 MP: 8/8
  4122 | D:5      | Noticed Blork the orc
  4128 | D:5      | Killed Blork the orc
  4168 | D:5      | Noticed Menkaure
  4332 | D:5      | Killed Menkaure
  4333 | D:5      | Reached skill level 6 in Staves
  4553 | D:5      | Noticed Grinder
  4589 | D:5      | HP: 3/63 [Grinder (3)]
  4595 | D:5      | Killed Grinder
  5100 | D:6      | Reached XP level 9. HP: 44/69 MP: 9/9
  5394 | D:6      | Reached skill level 7 in Staves
  5587 | D:6      | Found a staircase to the Ecumenical Temple.
  5827 | D:6      | Found a sacrificial altar of Ru.
  5830 | D:6      | Found a shadowy altar of Dithmenos.
  5831 | D:6      | Found a broken altar of Ashenzari.
  5831 | D:6      | Found a shimmering blue altar of Sif Muna.
  5833 | D:6      | Found a stormy altar of Qazlal.
  5834 | D:6      | Found an opulent altar of Gozag.
  5878 | D:7      | Reached ** piety under Wu Jian
  6227 | D:7      | Reached skill level 8 in Staves
  6970 | D:8      | Noticed Grum
  6975 | D:8      | Found a basalt altar of Yredelemnul.
  7003 | D:8      | Reached XP level 10. HP: 41/79 MP: 10/10
  7011 | D:8      | Killed Grum
  7018 | D:8      | Reached *** piety under Wu Jian
  7364 | D:8      | Noticed an unseen horror
  7388 | D:8      | Killed an unseen horror
  7389 | D:8      | Reached skill level 9 in Staves
  7480 | D:8      | Found Gays's Distillery.
  7738 | D:8      | Found a glowing golden altar of the Shining One.
  8457 | D:9      | Found Zuazex's Mayhem Merchandise.
  8741 | D:9      | Reached **** piety under Wu Jian
  8915 | D:9      | Reached skill level 10 in Staves
  9085 | D:9      | Noticed Prince Ribbit
  9086 | D:9      | Noticed a rime drake
  9107 | D:9      | HP: 2/80 [Prince Ribbit (12)]
  9108 | D:9      | Killed a rime drake
  9108 | D:9      | Slain by Prince Ribbit

Illustrated notes

Levels and vault maps discovered:
D:1:      heliophobic_arrival_henge, layout_loops_ring
D:2:      layout_rooms, basic_ecumenical_altar
D:3:      layout_basic, serial_forest, infiniplex_forest_clump_curved,
          infiniplex_forest_pool, infiniplex_forest_zigzag_1,
          infiniplex_forest_fountain, infiniplex_forest_clump_curved,
          infiniplex_forest_end_1, infiniplex_forest_straight_3,
          infiniplex_forest_lined_room_2
D:4:      nicolae_cairo_tiling_large, layout_basic,
          nicolae_overflow_crystal_walls, ebering_ghost_sewer_f
D:5:      layout_rooms, uniq_menkaure, uniq_grinder, uniq_blork_the_orc
D:6:      layout_rooms, minitemple, temple_pool_b
D:7:      layout_rooms, kennysheep_pointless_box
D:8:      layout_cave_pods, mainiacjoe_overflow_paths,
          mainiacjoe_overflow_alcove_1, serial_shops, shop,
          minmay_stone_trees_small, minmay_fire_ice_demons, uniq_grum
D:9:      layout_loops_corners, hellmonk_lair_entry_icy, special_room
          [special_room_bee], minmay_shop_mayhem,
          chequers_serial_rivers_micro_a, amcnicky_altar_lugonu_corruption,
          uniq_prince_ribbit1

Skill      XL: |  1  2  3  4  5  6  7  8  9 10 |
---------------+-------------------------------+-----
Staves         | 3 4 5 6 8 10 | 10.0
Armour         | 4 5 6 7 8 |  8.3
Fighting       | 4 5 6 7 8 |  8.3
Shields        | 5 6 7 8 9 |  9.9

Action                     |  1- 3 |  4- 6 |  7- 9 | 10-12 || total
---------------------------+-------+-------+-------+-------++-------
  Melee: Quarterstaff      |    89 |   133 |   415 |   300 ||   937
Ability: Lunge             |       |     1 |    23 |    16 ||    40
         Whirlwind         |       |       |    10 |    15 ||    25
 Armour: Scale mail        |    55 |    76 |   325 |   187 ||   643
  Dodge: Dodged            |    34 |    59 |   156 |    83 ||   332
  Block: Buckler           |    25 |    34 |   116 |    69 ||   244

Table legend: (Time is in decaauts)
 A = Elapsed time spent in this place.
 B = Non-inter-level travel time spent in this place.
 C = Inter-level travel time spent in this place.
 D = Time resting spent in this place.
 E = Time spent auto-exploring this place.
 F = Levels seen in this place.
 G = Mean time per level.
                   A        B        C        D        E       F      G
               +--------+--------+--------+--------+--------+-----+--------+
         Total |   9101 |   8946 |    155 |   2520 |   4489 |   9 | 1011.2 |
       Dungeon |   9101 |   8946 |    155 |   2520 |   4489 |   9 | 1011.2 |
               +--------+--------+--------+--------+--------+-----+--------+

Top non-repeatable levels by time:
     D:4: 2136 daAuts
     D:8: 1425 daAuts
     D:3: 1158 daAuts
     D:7: 1070 daAuts
     D:5: 947 daAuts
     D:9: 699 daAuts
     D:6: 673 daAuts
     D:1: 644 daAuts
     D:2: 345 daAuts
